 Dungeon Crawl Stone Soup version 0.30-a0-586-g23e55c9e0a (webtiles) character file.

Game seed: 2143668980591463143

97902 Decipherer the Bludgeoner (level 15, -7/139 HPs)
             Began as a Minotaur Berserker on Jan 3, 2023.
             Was a High Priest of Trog.
             Mangled by a +3 lajatang of flaming (21 damage)
             ... on level 2 of the Elven Halls.
             The game lasted 00:45:43 (19502 turns).

Decipherer the Bludgeoner (Minotaur Berserker)     Turns: 19502, Time: 00:45:43

Health: -7/139     AC: 32    Str: 31    XL:     15   Next: 73%
Magic:  14/14      EV: 11    Int:  6    God:    Trog [*****.]
Gold:   260        SH:  0    Dex: 12    Spells: 14/14 levels left

rFire   + + .      SeeInvis +    x - +9 dire flail "Glorpo" {flame, rC+}
rCold   + . .      Faith    .    (shield currently unavailable)
rNeg    . . .      Spirit   .    g - +1 plate armour
rPois   .          Reflect  .    (helmet unavailable)
rElec   .          Harm     .    Y - +1 cloak "Keros" {Str+4 Int+2}
rCorr   .          Rampage  .    a - +2 pair of gloves
Will    ++...                    R - +2 pair of boots {Stlth+} Stlth
                                 X - amulet of regeneration
HPRegen 1.23/turn                u - +4 ring of protection
MPRegen 0.14/turn                s - +4 ring of slaying

@: on berserk cooldown, slowed, invisible, very slow
A: horns 3, retaliatory headbutt, see invisible, fire resistance 2,
strong-willed 1, screaming 1
a: Renounce Religion, Berserk, Trog's Hand, Brothers in Arms


You were on level 2 of the Elven Halls.
You worshipped Trog.
Trog was extremely pleased with you.
You visited 5 branches of the dungeon, and saw 22 of its levels.
You also visited: Sewer, Ossuary and Gauntlet.

You collected 2354 gold pieces.
You spent 2094 gold pieces at shops.

Inventory:

Hand Weapons
 x - the +9 dire flail "Glorpo" (weapon) {flame, rC+}
   (You bought it in a shop on level 2 of the Orcish Mines)

   It burns those it strikes, dealing additional fire damage.
   rC:        It protects you from cold.
Missiles
 q - a throwing net (quivered)
 B - 5 boomerangs
 E - 16 poisoned darts
 F - 5 atropa-tipped darts
 I - 4 silver javelins
 O - a curare-tipped dart
 P - 5 javelins
Armour
 a - a +2 pair of gloves (worn)
 g - a +1 plate armour (worn)
 J - a +0 buckler
 N - a +0 buckler
 R - a +2 pair of boots of stealth (worn)
 Y - the +1 cloak "Keros" (worn) {Str+4 Int+2}
   (You found it on level 3 of the Lair of Beasts)

   Str:       It affects your strength (+4).
   Int:       It affects your intelligence (+2).
Jewellery
 i - an amulet of the acrobat
 s - a +4 ring of slaying (right hand)
 u - a +4 ring of protection (left hand)
 L - a +6 ring of dexterity
 X - an amulet of regeneration (around neck)
Wands
 v - a wand of flame (18)
 w - a wand of charming (19)
 H - a wand of polymorph (11)
 K - a wand of digging (9)
 V - a wand of roots (10)
 Z - a wand of mindburst (6)
Scrolls
 c - 4 scrolls of poison
 e - 11 scrolls of identify
 h - a scroll of magic mapping
 j - 12 scrolls of teleportation
 n - 3 scrolls of fear
 t - 5 scrolls of torment
 y - a scroll of butterflies
 A - 3 scrolls of fog
 C - 4 scrolls of vulnerability
 W - 4 scrolls of immolation
Potions
 b - 4 potions of might
 f - 3 potions of curing
 k - 6 potions of attraction
 l - 5 potions of cancellation
 m - 2 potions of ambrosia
 o - a potion of berserk rage
 r - 3 potions of haste
 z - 5 potions of lignification
 D - a potion of mutation
 T - a potion of resistance
 U - a potion of flight
Miscellaneous
 M - a tin of tremorstones (2/2)
 Q - a box of beasts
 S - a phial of floods


   Skills:
 + Level 14.6 Fighting
 + Level 16.9 Maces & Flails
 + Level 16.8 Throwing
 + Level 15.2 Armour
 + Level 6.2 Dodging
 + Level 2.8 Stealth
 + Level 2.3 Unarmed Combat
 + Level 1.3 Evocations


You had 14 spell levels left.
You didn't know any spells.
Your spell library contained the following spells:

 Spells                   Type           Power      Damage    Failure   Level
 Magic Dart               Conj           0%         1d3       94%         1
 Summon Small Mammal      Summ           0%         N/A       94%         1
 Call Imp                 Summ           0%         N/A       98%         2
 Static Discharge         Conj/Air       0%         2-2/arc   98%         2
 Call Canine Familiar     Summ           0%         N/A       100%        3
 Ignite Poison            Fire/Tmut/Pois 0%         N/A       100%        3
 Inner Flame              Hex/Fire       0%         N/A       100%        3
 Kindle Blastsparks       Fire/Tloc/Air  0%         2d10      100%        3
 Mephitic Cloud           Conj/Pois/Air  0%         N/A       100%        3
 Summon Guardian Golem    Hex/Summ       0%         N/A       100%        3
 Vhi's Electric Charge    Tloc/Air       0%         N/A       100%        3
 Flame Wave               Conj/Fire      0%         2d4       100%        4
 Fulminant Prism          Conj/Hex       0%         3d5       100%        4
 Iskenderun's Mystic Bla  Conj/Tloc      0%         2d3       100%        4
 Petrify                  Tmut/Erth      0%         N/A       100%        4
 Sticky Flame             Conj/Fire      0%         2d3       100%        4
 Summon Lightning Spire   Summ/Air       0%         N/A       100%        4
 Arcjolt                  Conj/Air       0%         1d10      100%        5
 Blade Hands              Tmut           0%         N/A       100%        5
 Fireball                 Conj/Fire      0%         3d3       100%        5
 Freezing Cloud           Conj/Ice/Air   0%         6-21      100%        5
 Irradiate                Conj/Tmut      0%         3d11      100%        5
 Iskenderun's Battlesphe  Conj           0%         2d6       100%        5
 Lee's Rapid Deconstruct  Erth           0%         3d4*      100%        5
 Lightning Bolt           Conj/Air       0%         1d11      100%        5
 Metabolic Englaciation   Hex/Ice        0%         N/A       100%        5
 Summon Forest            Summ/Tloc      0%         N/A       100%        5
 Conjure Ball Lightning   Conj/Air       0%         3x3d6     100%        6
 Statue Form              Tmut/Erth      0%         N/A       100%        6
 Dragon Form              Tmut           0%         N/A       100%        7
 Malign Gateway           Summ/Tloc      0%         N/A       100%        7
 Monstrous Menagerie      Summ           0%         N/A       100%        7
 Orb of Destruction       Conj           0%         9d5       100%        7
 Lehudib's Crystal Spear  Conj/Erth      0%         10d2      100%        8


Dungeon Overview and Level Annotations

Branches:
Dungeon (13/15)            Temple (0/1) D:5            Lair (4/5) D:8
  Swamp (1/4) Lair:3       Spider (0/4) Lair:3          Orc (2/2) D:12
    Elf (2/3) Orc:2        Vaults (0/5) D:13          Sewer (visited)
Ossuary (visited)         Gauntlet (visited)
  Slime: Lair:4-5

Altars:
Cheibriados
Dithmenos
Gozag
Kikubaaqudgha
Makhleb
Qazlal
Ru
Uskayaw
Vehumet
Wu Jian
Xom

Shops:
D:8 *   Orc:2 (!:(   Elf:1 (


Innate Abilities, Weirdness & Mutations

You have a pair of large horns on your head.
You reflexively headbutt those who attack you in melee.
You have supernaturally acute eyesight. (SInv)
Your flesh is very heat resistant. (rF++)
You are strong-willed. (Will+)
You occasionally shout uncontrollably at your foes.


Message History

The +2 dire flail of protection is severely damaged.
The +2 dire flail of protection hits you.
You miss the +2 dire flail of protection.
The +2 dire flail of protection is severely damaged.
The +2 dire flail of protection misses you.
You furiously retaliate!
You headbutt the +2 dire flail of protection!
The +2 dire flail of protection falls from the air.
Trog accepts your kill.
You closely miss the +3 lajatang of flaming.
The +3 lajatang of flaming hits you.
* * * LOW HITPOINT WARNING * * *
You impale the +3 lajatang of flaming!!
The +3 lajatang of flaming is severely damaged.
The +3 lajatang of flaming hits you but does no damage.
The +3 lajatang of flaming hits you.
* * * LOW HITPOINT WARNING * * *
You closely miss the +3 lajatang of flaming.
Your headbutt misses the +3 lajatang of flaming.
The +3 lajatang of flaming is severely damaged.
A deep elf pyromancer comes into view. It is wielding a +0 long sword.
The +3 lajatang of flaming hits you!!
* * * LOW HITPOINT WARNING * * *
The +3 lajatang of flaming burns you.
* * * LOW HITPOINT WARNING * * *
You feel much better. The +3 lajatang of flaming hits you!!
* * * LOW HITPOINT WARNING * * *
The +3 lajatang of flaming hits you but does no damage.
Blink to where?
Press: ? - help, Dir - move target
As you read the scroll of blinking, it crumbles to dust.
You feel better.
Okay, then.
You fade into invisibility!
The +3 lajatang of flaming hits you.
* * * LOW HITPOINT WARNING * * *
The +3 lajatang of flaming hits you.
* * * LOW HITPOINT WARNING * * *
The +3 lajatang of flaming hits you!!
You die...

##### ##### ##### # ##...##
##..@## ##...## ..
##.....###....(###.....###...
##............................
#....................)........
#..................))).)e.....
#..................)..........
##......###.................##
##....## ##...............##
#)...# #...............#


You could see a +3 lajatang of flaming (unable to see you).

Vanquished Creatures
  A deep elf blademaster (Elf:2)
  Frances (Elf:1)
  Aizul (Elf:1)
  A minotaur (Gauntlet)
  3 vault guards (D:13)
  Fannar (D:10)
  Harold (D:9)
  A catoblepas (Lair:3)
  3 hydras (Lair:2)
  3 centaur warriors (D:13)
  25 dancing weapons
  A tengu warrior (D:13)
  5 death yaks (Lair:3)
  4 orc high priests
  12 deep elf knights
  Lodul (D:10)
  A lindwurm (Lair:3)
  8 deep elf archers
  14 deep elf pyromancers
  A bog body (Lair:3)
  2 wolf spiders (Lair:2)
  An orc knight (Orc:1)
  16 deep elf zephyrmancers
  An ugly thing (D:11)
  An orc sorcerer (Orc:2)
  2 manticores
  4 cyclopes
  8 elephants
  3 black mambas
  6 cane toads
  Joseph (D:9)
  Maggie (D:6)
  Psyche (D:8)
  2 unseen horrors
  A torpor snail (Lair:2)
  A komodo dragon (Lair:2)
  A troll (shapeshifter) (Gauntlet)
  4 red devils (Elf:1)
  4 trolls
  A raiju (Gauntlet)
  Prince Ribbit (D:8)
  A blink frog (Lair:1)
  4 dream sheep (Lair:2)
  4 slime creatures (D:13)
  3 shadows
  Sigmund (D:2)
  5 wyverns
  31 yaks
  2 vampires
  A water elemental (Elf:2)
  3 culicivoras (Lair:3)
  9 humans (D:13)
  2 fire elementals (Elf:1)
  2 wraiths
  3 steam dragons
  A neqoxec (Gauntlet)
  A chaos spawn (Gauntlet)
  7 vampire mosquitoes
  4 wargs
  5 acid dragons
  7 water moccasins
  Pargi (Sewer)
  25 orc warriors
  2 ice beasts
  2 black bears
  13 ogres
  4 centaurs
  13 wolves
  A phantom (D:4)
  12 bullfrogs
  Blork the orc (D:5)
  2 scorpions
  3 earth elementals
  5 wights (D:6)
  2 electric eels (Lair:4)
  7 howler monkeys
  21 orc priests
  5 hounds
  2 gnoll boudas
  2 iguanas
  28 orc wizards
  8 mummies (Ossuary)
  8 gnolls
  8 adders
  A white imp (D:7)
  2 worms
  2 dart slugs (D:1)
  52 orcs
  3 bats
  7 endoplasms
  4 giant cockroaches
  6 goblins
  3 hobgoblins
  9 jackals
  A quokka (D:1)
  10 ball pythons
  7 frilled lizards
  3 hobgoblin zombies (Ossuary)
  6 kobolds
  A kobold zombie (Ossuary)
  4 orc zombies (Ossuary)
  4 rats
546 creatures vanquished.

Vanquished Creatures (collateral kills)
  3 dancing weapons
  A two-headed ogre (D:8)
  A deep elf knight (Elf:2)
  An iron troll (shapeshifter) (Gauntlet)
  An orc sorcerer (Orc:1)
  A black mamba (shapeshifter) (Gauntlet)
  A komodo dragon (Lair:1)
  3 blink frogs (Lair:1)
  2 wraiths (D:10)
  6 yaks (Lair:1)
  A basilisk (Lair:1)
  An orc warrior (Orc:1)
  A black bear (shapeshifter) (Gauntlet)
  A kobold brigand (D:10)
  7 kobolds (D:10)
31 creatures vanquished.

Vanquished Creatures (others)
  3 fungi
  A plant (Lair:3)
4 creatures vanquished.

Grand Total: 581 creatures vanquished

Notes
Turn   | Place    | Note
-------+----------+-------------------------------------------
     0 | D:1      | Decipherer the Minotaur Berserker began the quest for the
                  | Orb.
     0 | D:1      | Reached XP level 1. HP: 19/19 MP: 0/0
   193 | D:1      | Reached XP level 2. HP: 25/27 MP: 1/1
   507 | D:1      | Reached XP level 3. HP: 24/33 MP: 2/2
   581 | D:1      | HP: 1/33 [kobold/+0 short sword of electrocution (9)]
   871 | D:2      | Noticed Sigmund
   881 | D:2      | Killed Sigmund
   882 | D:2      | Reached skill level 5 in Fighting
   882 | D:2      | Reached skill level 5 in Maces & Flails
   882 | D:2      | Reached XP level 4. HP: 41/42 MP: 3/3
   882 | D:2      | Reached XP level 5. HP: 47/48 MP: 4/4
  1141 | D:2      | Reached ** piety under Trog
  1965 | D:3      | Reached XP level 6. HP: 29/56 MP: 5/5
  2960 | D:5      | Entered Level 5 of the Dungeon
  3107 | D:5      | Noticed an ice beast
  3118 | D:5      | Killed an ice beast
  3139 | D:5      | Reached skill level 1 in Stealth
  3139 | D:5      | Reached XP level 7. HP: 41/62 MP: 6/6
  3156 | D:5      | Found a staircase to the Ecumenical Temple.
  3203 | D:5      | Reached *** piety under Trog
  3259 | D:5      | Got the Elucidation of the Mob
  3550 | D:5      | Noticed Blork the orc
  3557 | D:5      | Killed Blork the orc
  3570 | D:5      | Found a glowing drain.
  3579 | Sewer    | Entered a sewer
  3628 | Sewer    | Noticed Pargi
  3640 | Sewer    | Killed Pargi
  3983 | D:6      | Reached skill level 1 in Throwing
  3995 | D:6      | Reached skill level 5 in Armour
  3998 | D:6      | Reached XP level 8. HP: 71/71 MP: 7/7
  4046 | D:6      | Noticed Maggie
  4056 | D:6      | Killed Maggie
  4290 | D:6      | Found a sand-covered staircase.
  4296 | Ossuary  | Entered an ossuary
  4310 | Ossuary  | Reached **** piety under Trog
  4343 | Ossuary  | Reached XP level 9. HP: 72/79 MP: 8/8
  4735 | D:6      | Reached skill level 10 in Maces & Flails
  5286 | D:7      | Found Keni Lomm's Magic Scroll Boutique.
  5356 | D:7      | Bought a scroll of identify for 28 gold pieces
  5356 | D:7      | Bought a scroll of teleportation for 42 gold pieces
  5356 | D:7      | Bought a scroll of identify for 28 gold pieces
  5356 | D:7      | Bought a scroll of fog for 56 gold pieces
  5356 | D:7      | Bought a scroll of blinking for 105 gold pieces
  5356 | D:7      | Bought a scroll of teleportation for 42 gold pieces
  5356 | D:7      | Bought a scroll of identify for 28 gold pieces
  5520 | D:7      | Got the Compilation of Dusty Sidekicks
  5762 | D:7      | You fall into a shaft and drop 3 floors!
  5762 | D:10     | Entered Level 10 of the Dungeon
  6056 | D:9      | Reached skill level 5 in Throwing
  6066 | D:9      | Reached skill level 5 in Dodging
  6069 | D:9      | Reached XP level 10. HP: 54/88 MP: 9/9
  6170 | D:8      | Found Bioremin's Fire Supplies.
  6176 | D:8      | Bought a +1 shortbow of flaming for 161 gold pieces
  6200 | D:8      | Noticed Prince Ribbit
  6201 | D:8      | Found a staircase to the Lair.
  6240 | D:8      | Killed Prince Ribbit
  6343 | D:8      | Noticed Psyche
  6354 | D:8      | Killed Psyche
  6378 | D:8      | Noticed a two-headed ogre
  6388 | D:8      | Killed a two-headed ogre
  6389 | D:8      | Reached skill level 1 in Unarmed Combat
  6534 | D:8      | Found a hide-covered altar of Uskayaw.
  6538 | D:8      | Found an ornate altar of the Wu Jian Council.
  6545 | D:8      | Found a radiant altar of Vehumet.
  6546 | D:8      | Found a shadowy altar of Dithmenos.
  6548 | D:8      | Found an opulent altar of Gozag.
  6549 | D:8      | Found a snail-covered altar of Cheibriados.
  6551 | D:8      | Found a shimmering altar of Xom.
  6556 | D:8      | Found a sacrificial altar of Ru.
  6830 | D:8      | Found a burning altar of Makhleb.
  6929 | D:8      | Found a stormy altar of Qazlal.
  7222 | D:9      | Noticed Joseph
  7245 | D:9      | Killed Joseph
  7327 | D:9      | Noticed Harold
  7338 | D:9      | Killed Harold
  7922 | D:10     | Reached XP level 11. HP: 76/95 MP: 10/10
  8067 | D:10     | Noticed Fannar
  8076 | D:10     | Killed Fannar
  8082 | D:10     | Noticed Lodul
  8090 | D:10     | Killed Lodul
  8316 | D:10     | Reached ***** piety under Trog
  8461 | D:10     | Gained mutation: You are frail. (-10% HP) [potion of
                  | mutation]
  8461 | D:10     | Gained mutation: You occasionally lose the ability to read
                  | scrolls when taking damage. [potion of mutation]
  8461 | D:10     | Gained mutation: You sometimes lose the ability to read
                  | scrolls when taking damage. [potion of mutation]
  8461 | D:10     | Gained mutation: Your flesh is heat resistant. (rF+)
                  | [potion of mutation]
  8566 | D:11     | Noticed a cyan ugly thing
  8581 | D:11     | Killed a cyan ugly thing
  8875 | D:11     | Noticed a +1 demon whip of draining
  8876 | D:11     | Found a runed translucent door.
  8876 | D:11     | Found an ancient bone altar of Kikubaaqudgha.
  8877 | D:11     | Noticed a +1 demon blade of pain
  8877 | D:11     | Noticed a +2 vampiric demon trident
  9303 | D:11     | Killed a +1 demon whip of draining
  9308 | D:11     | Killed a +2 vampiric demon trident
  9313 | D:11     | Killed a +1 demon blade of pain
  9314 | D:11     | Reached skill level 10 in Armour
  9601 | D:12     | Found a staircase to the Orcish Mines.
  9619 | D:12     | Reached skill level 10 in Fighting
  9968 | D:12     | Reached XP level 12. HP: 68/95 MP: 11/11
 10286 | Orc:1    | Entered Level 1 of the Orcish Mines
 10403 | Orc:1    | Paralysed by an orc sorcerer for 2 turns
 10413 | Orc:1    | Reached skill level 10 in Throwing
 10908 | Orc:2    | Entered Level 2 of the Orcish Mines
 11128 | Orc:2    | Noticed an orc high priest
 11134 | Orc:2    | Noticed an orc high priest
 11138 | Orc:2    | Paralysed by an orc sorcerer for 4 turns
 11150 | Orc:1    | Killed an orc high priest
 11320 | Orc:2    | Killed an orc high priest
 11431 | Orc:2    | Noticed an orc high priest
 11446 | Orc:2    | Killed an orc high priest
 11455 | Orc:2    | Noticed an orc high priest
 11467 | Orc:2    | Killed an orc high priest
 11663 | Orc:2    | Found a staircase to the Elven Halls.
 11869 | Orc:2    | Received a gift from Trog
 11990 | Orc:2    | Found Tunits's Distillery.
 11990 | Orc:2    | Found Moxy's Weapon Emporium.
 11991 | Orc:2    | Found Hobo Con's Book Emporium.
 11995 | Orc:2    | Found Cuemik's Antique Weapon Shoppe.
 11998 | Orc:2    | Bought a potion of heal wounds for 65 gold pieces
 11998 | Orc:2    | Bought 2 potions of heal wounds for 130 gold pieces
 11998 | Orc:2    | Bought a potion of magic for 104 gold pieces
 11998 | Orc:2    | Bought a potion of curing for 39 gold pieces
 11998 | Orc:2    | Bought a potion of heal wounds for 65 gold pieces
 11998 | Orc:2    | Bought a potion of mutation for 104 gold pieces
 11998 | Orc:2    | Bought a potion of cancellation for 104 gold pieces
 12002 | Orc:2    | Lost mutation: Your flesh is heat resistant. (rF+) [potion
                  | of mutation]
 12002 | Orc:2    | Lost mutation: You are frail. (-10% HP) [potion of
                  | mutation]
 12002 | Orc:2    | Lost mutation: You sometimes lose the ability to read
                  | scrolls when taking damage. [potion of mutation]
 12002 | Orc:2    | Gained mutation: You possess an exceptional clarity of
                  | mind. [potion of mutation]
 12002 | Orc:2    | Gained mutation: You are partially covered in iridescent
                  | scales. (AC +2) [potion of mutation]
 12288 | Lair:1   | Entered Level 1 of the Lair of Beasts
 12530 | Lair:1   | Reached XP level 13. HP: 115/115 MP: 12/12
 14046 | Lair:3   | Found a staircase to the Swamp.
 14179 | Lair:3   | Identified the +1 cloak "Keros" {Str+4 Int+2}
 14622 | Lair:3   | Found a hole to the Spider Nest.
 14870 | Swamp:1  | Entered Level 1 of the Swamp
 15067 | Lair:4   | Reached ****** piety under Trog
 15632 | Lair:4   | Reached skill level 15 in Throwing
 15944 | D:13     | Reached XP level 14. HP: 102/125 MP: 13/13
 16039 | D:13     | Found a gate leading to a gauntlet.
 16059 | Gauntlet | Entered a Gauntlet
 16059 | Gauntlet | Found a transporter.
 16059 | Gauntlet | Found a transporter.
 16059 | Gauntlet | Found a runed translucent door.
 16068 | Gauntlet | Found a transporter.
 16071 | Gauntlet | Found a transporter.
 16079 | Gauntlet | Found a transporter.
 16083 | Gauntlet | Found a transporter.
 16092 | Gauntlet | Found a transporter.
 16106 | Gauntlet | Found a runed translucent gate.
 16107 | Gauntlet | Found a transporter.
 16107 | Gauntlet | Found a runed translucent gate.
 16108 | Gauntlet | Found a runed translucent gate.
 16121 | Gauntlet | Found a transporter.
 16125 | Gauntlet | Found a transporter.
 16133 | Gauntlet | Found a transporter.
 16137 | Gauntlet | Found a transporter.
 16139 | Gauntlet | Found a runed translucent door.
 16213 | Gauntlet | Reached skill level 15 in Maces & Flails
 16266 | Gauntlet | Received a gift from Trog
 16280 | Gauntlet | Got Sif Muna's Treatise on Snowy Gusts
 16288 | Gauntlet | Noticed a fenstrider witch
 16289 | Gauntlet | a fenstrider witch changed into a shadow dragon
 16289 | Gauntlet | Noticed a shadow dragon (glowing shapeshifter)
 16290 | Gauntlet | a shadow dragon changed into an eleionoma
 16296 | Gauntlet | an iron troll changed into a sphinx
 16296 | Gauntlet | Noticed a sphinx (glowing shapeshifter)
 16298 | Gauntlet | a sphinx changed into an alligator snapping turtle
 16308 | Gauntlet | an alligator snapping turtle changed into an azure jelly
 16308 | Gauntlet | Noticed an azure jelly (glowing shapeshifter)
 16315 | Gauntlet | an azure jelly changed into a dire elephant
 16319 | Gauntlet | a dire elephant changed into a quicksilver dragon
 16319 | Gauntlet | Noticed a quicksilver dragon (glowing shapeshifter)
 16321 | Gauntlet | a quicksilver dragon changed into an iron troll
 16329 | Gauntlet | Identified the +1 cloak "Saxty" {-Tele rElec rPois Str+6}
 16569 | D:13     | Found a gate to the Vaults.
 16752 | D:13     | Lost mutation: You occasionally lose the ability to read
                  | scrolls when taking damage. [potion of mutation]
 16752 | D:13     | Lost mutation: You possess an exceptional clarity of mind.
                  | [potion of mutation]
 16752 | D:13     | Gained mutation: You occasionally shout uncontrollably at
                  | your foes. [potion of mutation]
 16752 | D:13     | Gained mutation: Your flesh is heat resistant. (rF+)
                  | [potion of mutation]
 16752 | D:13     | Gained mutation: Your skin changes colour to match your
                  | surroundings (Stealth+). [potion of mutation]
 16752 | D:13     | Gained mutation: You are strong-willed. (Will+) [potion of
                  | mutation]
 16845 | D:13     | Lost mutation: Your skin changes colour to match your
                  | surroundings (Stealth+). [potion of mutation]
 16845 | D:13     | Lost mutation: You are partially covered in iridescent
                  | scales. (AC +2) [potion of mutation]
 16845 | D:13     | Gained mutation: You have a pair of large horns on your
                  | head. [potion of mutation]
 16845 | D:13     | Gained mutation: Your flesh is very heat resistant. (rF++)
                  | [potion of mutation]
 16845 | D:13     | Gained mutation: You have supernaturally acute eyesight.
                  | (SInv) [potion of mutation]
 17210 | Orc:2    | Bought the +9 dire flail "Glorpo" {flame, rC+} for 993 gold
                  | pieces
 17247 | Elf:1    | Entered Level 1 of the Elven Halls
 17273 | Elf:1    | Noticed Aizul
 17285 | Elf:1    | Killed Aizul
 17631 | Elf:1    | Found Tyirecw's Weapon Boutique.
 18192 | Elf:1    | Noticed Frances
 18344 | Elf:1    | Reached XP level 15. HP: 133/135 MP: 14/14
 18372 | Elf:1    | Killed Frances
 18737 | Elf:2    | Reached skill level 1 in Evocations
 19026 | Elf:2    | Received a gift from Trog
 19175 | Elf:2    | Found a runed translucent gate.
 19176 | Elf:2    | Found a runed translucent gate.
 19176 | Elf:2    | Found a runed translucent gate.
 19410 | Elf:2    | Reached skill level 15 in Armour
 19463 | Elf:2    | Noticed a deep elf blademaster
 19473 | Elf:2    | Killed a deep elf blademaster
 19502 | Elf:2    | Mangled by a +3 lajatang of flaming

Illustrated notes

Levels and vault maps discovered:
D:1:      scummos_arrival_forest, layout_loops_ring
D:2:      layout_basic, minmay_misc_feat_tiny, nrook_mini_vaults, uniq_sigmund
D:3:      layout_basic
D:4:      layout_gridville
D:5:      layout_loops_ring, temple_pool_b, portal_sewer_entry_d,
          uniq_blork_the_orc
D:6:      layout_loops_cross, nicolae_ossuary_entry_plus, uniq_maggie
D:7:      layout_loops_cross, kennysheep_small_circle
D:8:      layout_basic, nicolae_overflow_hallway_of_the_gods,
          nicolae_overflow_hidden_temple, amcnicky_altar_gilded,
          erik_lair_orcish_takeover, nicolae_shop_fire_sale
          [nicolae_sub_dead_trees], uniq_prince_ribbit1, uniq_psyche
D:9:      layout_basic, uniq_harold, uniq_joseph
D:10:     layout_rooms, uniq_lodul, uniq_fannar
D:11:     layout_loops_ring, nicolae_danse_macabre
D:12:     layout_loops_ring, minmay_orc_entry_temple_small
D:13:     layout_basic, ximxim_vaults_locker_room, gauntlet_entry_generic
Lair:1:   layout_loops_ring
Lair:2:   layout_cave_shapes, nicolae_lair_run_with_the_wolves
Lair:3:   layout_chaotic_city, skrybe_swamp_entry_bodies,
          hellmonk_spider_entry_life_and_decay
Lair:4:   layout_gridlike, wad_woods_river_01
Swamp:1:  layout_falls_marsh, evilmike_swamp_ruin_rubble_1, swamp_pool1
Orc:1:    layout_diamond_mine
Orc:2:    st_orc_mages, layout_caves
Elf:1:    layout_gridlike, serial_shops, shop, minmay_elf_crystal_hexagon,
          einodemon_armed_red_devil_minivault, uniq_aizul, uniq_frances
Elf:2:    nicolae_elf_blades_crystal_corner, layout_gridlike

Skill      XL: |  1  2  3  4  5  6  7  8  9 10 11 12 13 14 15 |
---------------+----------------------------------------------+-----
Fighting       | 4 5 6 7 8 10 11 13 14 | 14.6
Maces & Flails | 4 5 6 8 9 11 12 13 14 15 16 | 16.9
Armour         | 3 4 5 6 7 8 10 11 12 13 15 | 15.2
Dodging        | 3 4 5 6 |  6.2
Stealth        | 1 2 |  2.8
Throwing       | 1 3 5 7 9 12 15 16 | 16.8
Unarmed Combat | 2 |  2.3
Evocations     | 1 |  1.3

Action                   |  1- 3 |  4- 6 |  7- 9 | 10-12 | 13-15 || total
-------------------------+-------+-------+-------+-------+-------++-------
Melee: Mace              |    41 |   122 |    15 |       |       ||   178
       Headbutt          |     7 |    18 |    31 |    64 |    87 ||   207
       Punch             |     1 |     2 |       |       |       ||     3
       Dire flail        |       |       |   155 |   267 |   469 ||   891
       Unarmed           |       |       |       |    18 |       ||    18
Throw: Boomerang         |       |       |    21 |   281 |   262 ||   564
       Javelin           |       |       |    27 |    11 |       ||    38
       Dart              |       |       |     2 |    45 |       ||    47
Invok: Berserk           |     1 |       |     2 |     9 |     9 ||    21
       Brothers in Arms  |       |       |     1 |     6 |     7 ||    14
       Trog's Hand       |       |       |     1 |       |       ||     1
Evoke: Wand              |       |       |       |     1 |     5 ||     6
       Box of beasts     |       |       |       |     1 |       ||     1
  Use: Scroll            |       |       |    13 |     3 |     9 ||    25
       Potion            |       |       |     8 |     7 |    11 ||    26
 Stab: Invisible         |       |       |     1 |     1 |       ||     2
Armor: Animal skin       |     5 |     4 |       |       |       ||     9
       Chain mail        |       |    60 |   118 |     5 |       ||   183
       Plate armour      |       |       |       |   186 |   296 ||   482
Dodge: Dodged            |    29 |    58 |   103 |   153 |   189 ||   532

Table legend: (Time is in decaauts)
 A = Elapsed time spent in this place.
 B = Non-inter-level travel time spent in this place.
 C = Inter-level travel time spent in this place.
 D = Time resting spent in this place.
 E = Time spent auto-exploring this place.
 F = Levels seen in this place.
 G = Mean time per level.
                   A        B        C        D        E       F      G
               +--------+--------+--------+--------+--------+-----+--------+
         Total |  19349 |  18185 |   1164 |      0 |  13914 |  25 |  774.0 |
       Dungeon |  10875 |  10125 |    750 |      0 |   7632 |  13 |  836.5 |
          Lair |   3458 |   3363 |     95 |      0 |   2920 |   4 |  864.5 |
         Swamp |      1 |      1 |      0 |      0 |      0 |   1 |    1.0 |
  Orcish Mines |   2027 |   1741 |    286 |      0 |   1349 |   2 | 1013.5 |
   Elven Halls |   2188 |   2157 |     31 |      0 |   1579 |   2 | 1094.0 |
         Sewer |    165 |    165 |      0 |      0 |    103 |   1 |  165.0 |
       Ossuary |    222 |    222 |      0 |      0 |    154 |   1 |  222.0 |
      Gauntlet |    409 |    409 |      0 |      0 |    175 |   1 |  409.0 |
               +--------+--------+--------+--------+--------+-----+--------+

Top non-repeatable levels by time:
   Elf:1: 1262 daAuts
  Lair:3: 1112 daAuts
   Orc:1: 1103 daAuts
     D:8: 1054 daAuts
    D:11: 1053 daAuts
     D:9: 932 daAuts
   Elf:2: 926 daAuts
     D:6: 925 daAuts
   Orc:2: 923 daAuts
     D:3: 895 daAuts
     D:5: 890 daAuts
  Lair:4: 885 daAuts
     D:1: 877 daAuts
    D:10: 819 daAuts
    D:12: 813 daAuts
